 Dungeon Crawl Stone Soup version 0.27-a0-1612-gde56a17b89 (webtiles) character file.

Game seed: 11805227142742340500

10 lunkers the Sneak (level 2, 0/23 HPs)
             Began as a Vampire Delver on July 21, 2021.
             Slain by an adder (3 damage)
             ... on level 4 of the Dungeon.
             The game lasted 00:00:59 (85 turns).

lunkers the Sneak (Vampire Delver)                    Turns: 85, Time: 00:00:59

Health: 0/23       AC:  3    Str: 11    XL:     2   Next: 10%
Magic:  2/2        EV: 12    Int: 12    God:
Gold:   0          SH:  0    Dex: 15    Spells: 1/1 levels left

rFire    . . .     SeeInvis +   a - +0 short sword
rCold    . . .     Faith    .   (no shield)
rNeg     . . .     Spirit   .   b - +0 leather armour
rPois    .         Reflect  .   (no helmet)
rElec    .         Harm     .   (no cloak)
rCorr    .         Rampage  .   (no gloves)
Will     .....                  (no boots)
Stlth    +++.......             (no amulet)
HPRegen  0.27/turn              (no ring)
MPRegen  0.08/turn              (no ring)

@: lethally poisoned (0 -> -3), healing quickly
A: alive, fangs 3, see invisible, vampiric 1
a: Exsanguinate


You were on level 4 of the Dungeon.
You visited 1 branch of the dungeon, and saw 2 of its levels.

Inventory:

Hand Weapons
 a - a +0 short sword (weapon)
Armour
 b - a +0 leather armour (worn)
Wands
 g - a wand of digging (3)
 h - a wand of polymorph (11)
Scrolls
 c - a scroll of fog
 d - a scroll of magic mapping
 e - a scroll of fear
Potions
 f - a potion of haste
 i - a potion of mutation {unknown}


   Skills:
 - Level 2.6 Fighting
 * Level 2.9 Short Blades
 - Level 2.1 Dodging
 + Level 7.5 Stealth


You had one spell level left.
You didn't know any spells.
Your spell library was empty.

Dungeon Overview and Level Annotations

Branches:
Dungeon (5/15)
 Temple: D:4-7

Altars:


Innate Abilities, Weirdness & Mutations

Your natural rate of healing is accelerated.
You have razor-sharp teeth.
You have supernaturally acute eyesight. (SInv)
You are afflicted with vampirism.


Message History

The adder is almost dead.
You feel sick.
You are no longer poisoned.
The adder closely misses you.
Unknown command.
You hit the adder.
You kill the adder!
You have reached level 2!
An adder is nearby!
A black bear comes into view.
Found 12 bolts and a scale mail.
You start resting.
An adder is nearby!
Things that are here:
26 stones; an adder corpse The adder hisses angrily.
The adder closely misses you.
You hit the adder.
The adder is heavily wounded.
The adder misses you.
Your leather armour prevents you from hitting the adder.
The adder is heavily wounded.
The adder bites you.
* * * LOW HITPOINT WARNING * * *
You closely miss the adder.
The adder is heavily wounded.
The adder bites you.
* * * LOW HITPOINT WARNING * * *
You are poisoned.
The adder poisons you!
You completely miss the adder. Your bite misses the adder.
The adder is heavily wounded.
* * * LOW HITPOINT WARNING * * *
You feel sick. The adder bites you.
* * * LOW HITPOINT WARNING * * *
You hit the adder but do no damage.
The adder is heavily wounded.
* * * LOW HITPOINT WARNING * * *
You feel sick. The adder bites you.
You die...

....(h# ......#
#+#......# #.#......#
#..#+#### ##.#....#
#.#....# # .
#(#S...##.#
...########.@...)...#
...........#.....###
##.............#.#
#.....).......#.#
#...........>...#
#.........#######
#.........#
#.........#
#.........#


You could see an adder.

Vanquished Creatures
  An adder (D:4)
  An endoplasm (D:4)
2 creatures vanquished.

Notes
Turn   | Place    | Note
-------+----------+-------------------------------------------
     0 | D:5      | lunkers the Vampire Delver began the quest for the Orb.
     0 | D:5      | Reached XP level 1. HP: 17/17 MP: 1/1
    46 | D:4      | Reached XP level 2. HP: 4/23 MP: 2/2
    70 | D:4      | Noticed a black bear
    85 | D:4      | Slain by an adder

Illustrated notes

Levels and vault maps discovered:
D:4:      layout_basic, chequers_mini_garden, chequers_serial_rivers_small_a,
          minmay_misc_feat_hallway
D:5:      layout_rooms

Action                   || total
-------------------------++-------
Melee: Short sword       ||    18
       Bite              ||     1
 Stab: Sleeping          ||     1
Armor: Leather armour    ||     3
Dodge: Dodged            ||    11

Table legend: (Time is in decaauts)
 A = Elapsed time spent in this place.
 B = Non-inter-level travel time spent in this place.
 C = Inter-level travel time spent in this place.
 D = Time resting spent in this place.
 E = Time spent auto-exploring this place.
 F = Levels seen in this place.
 G = Mean time per level.
                   A        B        C        D        E       F      G
               +--------+--------+--------+--------+--------+-----+--------+
         Total |     84 |     81 |      3 |      5 |     25 |   2 |   42.0 |
       Dungeon |     84 |     81 |      3 |      5 |     25 |   2 |   42.0 |
               +--------+--------+--------+--------+--------+-----+--------+

Top non-repeatable levels by time:
     D:4: 80 daAuts
     D:5: 4 daAuts
